 Dungeon Crawl Stone Soup version 0.16-b1 (webtiles) character file.

156 Zapata the Cudgeler (level 5, -2/32 HPs)
             Began as a Kobold Berserker on Mar 15, 2015.
             Was a Priest of Trog.
             Slain by a gnoll (7 damage)
             ... on level 3 of the Dungeon.
             The game lasted 00:04:36 (2700 turns).

Zapata the Cudgeler (Kobold Berserker)              Turns: 2700, Time: 00:04:36

Health: -2/32      AC:  3    Str: 16    XL:     5   Next: 65%
Magic:  5/5        EV: 15    Int:  5    God:    Trog [***...]
Gold:   230        SH:  0    Dex: 16    Spells: 0 memorised, 4 levels left

rFire  . . .     SeeInvis .     f - +1 whip (pain)
rCold  . . .     Clarity  .     b - +0 animal skin
rNeg   . . .     SustAb   .     (no shield)
rPois  .         Gourm    .     n - +0 helmet
rElec  .         Spirit   .     (no cloak)
rCorr  .         Warding  .     (no gloves)
rMut   .         Stasis   .     (no boots)
MR     .....                    (no amulet)
Stlth  +.........               (no ring)
                                (no ring)

@: slowed, very slow, not resistant to hostile enchantments, very unstealthy
A: carnivore 3
a: Burn Spellbooks, Berserk, Trog's Hand, Renounce Religion


You were on level 3 of the Dungeon.
You worshipped Trog.
Trog was most pleased with you.
You were full.

You visited 1 branch of the dungeon, and saw 3 of its levels.

You collected 230 gold pieces.

Inventory:

Hand weapons
 a - a +0 mace
 f - a +1 whip of pain (weapon)
Missiles
 d - 165 stones (quivered)
 o - 3 tomahawks
Armour
 b - a +0 animal skin (worn)
 n - a +0 helmet (worn)
Jewellery
 m - a +3 ring of intelligence {unknown}
Scrolls
 c - a scroll of enchant armour {unknown}
 e - a scroll of blinking {unknown}
 i - 3 scrolls of identify {unknown}
 k - 2 scrolls of remove curse {unknown}
 l - 2 scrolls of teleportation {unknown}
 p - a scroll of enchant weapon {unknown}
Potions
 g - a potion of curing {unknown}
 h - a potion of haste {unknown}
 j - a potion of might {unknown}


   Skills:
 - Level 3.2 Fighting
 + Level 5.9 Maces & Flails
 - Level 1.5 Armour
 - Level 2.4 Dodging


You had 4 spell levels left.
You didn't know any spells.

Dungeon Overview and Level Annotations

Branches:
Dungeon (3/15)

Altars:
Ashenzari
Vehumet


Innate Abilities, Weirdness & Mutations

You are small and have problems with some larger weapons.
You are carnivorous and can eat meat at any time.


Message History

The gnoll misses you. x2
You barely miss the gnoll.
The gnoll is heavily wounded.
The gnoll hits you!
* * * LOW HITPOINT WARNING * * *
You barely miss the gnoll.
The gnoll is heavily wounded.
The gnoll misses you.
You hit the gnoll.
The gnoll is almost dead.
You feel less exhausted. The gnoll hits you.
* * * LOW HITPOINT WARNING * * *
You closely miss the gnoll.
The gnoll is almost dead.
The gnoll completely misses you.
You hit the gnoll.
The gnoll is almost dead.
The gnoll closely misses you. The gnoll hits you!
You die...

#.......##.###.##.#.#.###
####..#...........#......
#..####.###.####.#.##.
#..####)###.####.#.##.
#................#.##.
###.####.......#.#.##.
#.# #......>#......
#####.####.......#......
#......@##.......#.#.##.
#.###.#g##.......#.#.##.
#.###.#.##...#...#......
#.##..#.###.###.####.###
#.......##.## ##.# #.#
#.#####.##..###..###.#
##########.#
#)##...#.......#
......#....#
#.....#.#..#####
#####...#..# #.##.......#


You could see a gnoll.

Vanquished Creatures
  The ghost of BLOAX the Cutter, a weakling VSCK of Xom (D:3)
  Natasha (D:3)
  A gnoll (D:3)
  3 adders
  2 worms (D:2)
  A giant gecko (D:1)
  7 bats
  3 giant cockroaches
  5 goblins
  8 hobgoblins
  7 jackals
  5 giant newts
  6 kobolds
  7 rats
57 creatures vanquished.

Notes
Turn   | Place    | Note
--------------------------------------------------------------
     0 | D:1      | Zapata, the Kobold Berserker, began the quest for the Orb.
     0 | D:1      | Reached XP level 1. HP: 14/14 MP: 1/1
   152 | D:1      | Reached XP level 2. HP: 5/19 MP: 2/2
   512 | D:1      | Acquired Trog's second power
   779 | D:1      | Reached skill level 4 in Maces & Flails
   779 | D:1      | Reached XP level 3. HP: 15/23 MP: 3/3
  1398 | D:2      | Found a shattered altar of Ashenzari.
  1454 | D:2      | Reached XP level 4. HP: 28/28 MP: 4/4
  1653 | D:3      | Noticed BLOAX's ghost (weakling VSCK)
  2121 | D:3      | Noticed Natasha
  2180 | D:3      | Killed BLOAX's ghost
  2180 | D:3      | Reached skill level 5 in Maces & Flails
  2180 | D:3      | Reached XP level 5. HP: 29/32 MP: 5/5
  2320 | D:3      | Found a radiant altar of Vehumet.
  2652 | D:3      | Killed Natasha
  2700 | D:3      | Slain by a gnoll

Action                   |  1- 3 |  4- 6 || total
-------------------------+-------+-------++-------
Melee: Mace              |    59 |       ||    59
       Whip              |    47 |   102 ||   149
Invok: Berserk           |     5 |     3 ||     8
 Stab: Distracted        |     1 |       ||     1
  Eat: Chunk             |     9 |     3 ||    12
       Meat ration       |       |     1 ||     1
